 Dungeon Crawl Stone Soup version 0.27.1-34-g3ba077fa99 (webtiles) character file.

Game seed: 2803050422781860544

231 zeram the Covert (level 6, 0/58 HPs)
             Began as an Octopode Brigand on Jan 19, 2022.
             Slain by an ogre (5 damage)
             ... on level 4 of the Dungeon.
             The game lasted 00:04:48 (3917 turns).

zeram the Covert (Octopode Brigand)                 Turns: 3917, Time: 00:04:48

Health: 0/58       AC: 23    Str: 19    XL:     6   Next: 4%
Magic:  0/6        EV:  2    Int: 15    God:
Gold:   131        SH:  0    Dex: 11    Spells: 3/5 levels left

rFire    . . .     SeeInvis .   o - +4 dagger (vamp)
rCold    + . .     Faith    .   (no shield)
rNeg     + + +     Spirit   +   (helmet currently unavailable)
rPois    +         Reflect  .   k - amulet "Usimnomo" {Spirit rC+ rN+++ Str+9 Dex-3}
rElec    .         Harm     .   (no ring)
rCorr    .         Rampage  .   (no ring)
Will     .....     NoTele   +   (no ring)
Stlth    ++++......             (no ring)
HPRegen  0.19/turn              (no ring)
MPRegen  0.10/turn              (no ring)
                                (no ring)
                                (no ring)

@: tree-form
A: stationary, stasis, torment immunity, boosted hp, almost no armour,
(amphibious), 8 rings, (camouflage 1), (gelatinous body 1), (nimble swimmer 1),
(tentacles)
a: no special abilities


You were on level 4 of the Dungeon.
You were a tree.
You visited 1 branch of the dungeon, and saw 4 of its levels.

You collected 131 gold pieces.

Inventory:

Hand Weapons
 a - a +2 dagger
 d - a +2 dagger of distortion
 o - a +4 vampiric dagger (weapon)
Missiles
 b - 22 poisoned darts (quivered)
 c - 2 curare-tipped darts
 n - a throwing net
Jewellery
 k - the amulet "Usimnomo" (around neck) {Spirit rC+ rN+++ Str+9 Dex-3}
   (You acquired it on level 4 of the Dungeon)

   [amulet of guardian spirit]

   It causes incoming damage to be divided between your reserves of health and
   magic.
   Str:       It affects your strength (+9).
   Dex:       It affects your dexterity (-3).
   rC:        It protects you from cold.
   rN:        It renders you almost immune to negative energy.
Scrolls
 h - a scroll of amnesia {unknown}
 i - a scroll of fear {unknown}
 j - a scroll of vulnerability {unknown}
 l - a scroll of magic mapping {unknown}
 p - a scroll of noise {unknown}
Potions
 e - a potion of magic
 f - 2 potions of lignification
 g - a potion of brilliance
 m - a potion of curing


   Skills:
 - Level 2.0 Fighting
 - Level 2.0 Short Blades
 - Level 2.0 Throwing
 - Level 1.0 Dodging
 + Level 9.8 Stealth


You had 3 spell levels left.
You knew the following spells:

 Your Spells              Type           Power      Damage    Failure   Level
b - Ensorcelled Hibernat  Hex/Ice        0%         N/A       38%         2

Your spell library contained the following spells:

 Spells                   Type           Power      Damage    Failure   Level
 Corona                   Hex            0%         N/A       26%         1
 Static Discharge         Conj/Air       0%         N/A       38%         2
 Tukima's Dance           Hex            0%         N/A       63%         3
 Dispel Undead            Necr           0%         3d6       95%         4
 Sticky Flame             Conj/Fire      0%         2d3       95%         4


Dungeon Overview and Level Annotations

Branches:
Dungeon (4/15)
 Temple: D:4-7

Altars:
Ashenzari
Cheibriados
Fedhas
Okawaru
Xom
Zin
The Shining One


Innate Abilities, Weirdness & Mutations

You are a tree.
Your roots penetrate the ground, keeping you stationary.
You cannot be teleported.
You are immune to unholy pain and torment.
Your maximum health is greatly increased.
You cannot wear most types of armour.
((You are amphibious.))
You can wear up to eight rings at the same time.
((Your skin changes colour to match your surroundings (Stealth+).))
((Your rubbery body absorbs attacks. (AC +1, EV +1)))
((You are camouflaged near water. (Stealth+)))
((You have tentacles for arms and can constrict up to eight enemies at once.))


Message History

You are too injured to fight recklessly!
You are too injured to fight recklessly!
Casting: Ensorcelled Hibernation (dangerous; 38% risk of failure)
Confirm with . or Enter, or press ? or * to list all spells.
Aiming: Ensorcelled Hibernation (dangerous; 38% risk of failure)
Press: ? - help, Shift-Dir - straight line, f - ogre
Aim: an ogre, wielding a +0 giant spiked club (chance to affect: 32%)
You miscast Ensorcelled Hibernation.
You are very lightly contaminated with residual magic.
Nothing appears to happen.
Casting: Ensorcelled Hibernation (dangerous; 38% risk of failure)
Confirm with . or Enter, or press ? or * to list all spells.
You don't have enough magic to cast this spell.
Okay, then.
Really quaff the potion of lignification?
You turn into a tree.
Your roots penetrate the ground.
The ogre hits you but does no damage.
You hit the ogre.
The ogre is moderately wounded.
The ogre hits you but does no damage.
You hit the ogre.
The ogre is moderately wounded.
The ogre hits you with a +0 giant spiked club.
You barely miss the ogre.
The ogre is moderately wounded.
You hit the ogre but do no damage.
The ogre is moderately wounded.
The ogre hits you with a +0 giant spiked club!
* * * LOW HITPOINT WARNING * * *
Your magical contamination has completely faded away.
You completely miss the ogre.
The ogre is moderately wounded.
The ogre hits you with a +0 giant spiked club!
* * * LOW HITPOINT WARNING * * *
You puncture the ogre!
The ogre is severely wounded.
You hit the ogre.
You feel better.
The ogre is severely wounded.
The ogre hits you with a +0 giant spiked club.
You die...

.. ... ...####### ..>......#
####.### #......# ##.....##
#....#.# #######..#.#.# #
#.♣.(...##.#.# .
#.#####O########.#.#
#........# #.#.#
##########..# #.#.#
........##..# #.#.#
####.##..# #.#.#
#........#######.#.#
#########.##.#.............#
.............#.#.#######.###


You could see an ogre.

Vanquished Creatures
  A jelly (D:4)
  An orc priest (D:4)
  3 gnolls (D:3)
  3 adders
  3 worms
  2 dart slugs (D:2)
  6 orcs
  5 bats
  10 endoplasms
  4 hobgoblins
  13 jackals
  5 kobolds
  4 quokkas
  5 ball pythons
  3 frilled lizards
  9 goblins
  A jackal skeleton (D:4)
  2 rats
80 creatures vanquished.

Notes
Turn   | Place    | Note
-------+----------+-------------------------------------------
     0 | D:1      | zeram the Octopode Brigand began the quest for the Orb.
     0 | D:1      | Reached XP level 1. HP: 14/14 MP: 1/1
   111 | D:1      | Reached skill level 6 in Stealth
   111 | D:1      | Reached XP level 2. HP: 5/19 MP: 2/2
   543 | D:1      | Reached XP level 3. HP: 18/24 MP: 3/3
   725 | D:1      | You fall into a shaft and drop 1 floor!
   789 | D:2      | Reached skill level 7 in Stealth
   893 | D:2      | Found a faded altar of an unknown god.
  1027 | D:2      | Learned a level 2 spell: Ensorcelled Hibernation
  1194 | D:2      | Reached XP level 4. HP: 29/29 MP: 4/4
  1197 | D:2      | Found a glowing golden altar of the Shining One.
  1872 | D:3      | Found a broken altar of Ashenzari.
  2290 | D:3      | Reached skill level 8 in Stealth
  2387 | D:3      | Reached XP level 5. HP: 14/34 MP: 5/5
  3068 | D:4      | Reached skill level 9 in Stealth
  3432 | D:4      | Identified a scroll of acquirement
  3432 | D:4      | Acquired the amulet "Usimnomo" {Spirit rC+ rN+++ Str+9
                  | Dex-3}
  3590 | D:4      | Found an iron altar of Okawaru.
  3591 | D:4      | Found a blossoming altar of Fedhas.
  3594 | D:4      | Found a glowing golden altar of the Shining One.
  3595 | D:4      | Found a shimmering altar of Xom.
  3595 | D:4      | Found a glowing silver altar of Zin.
  3607 | D:4      | Reached XP level 6. HP: 39/39 MP: 6/6
  3674 | D:4      | Found a snail-covered altar of Cheibriados.
  3917 | D:4      | Slain by an ogre

Illustrated notes

Levels and vault maps discovered:
D:1:      dpeg_chamrin_arrival_tetris, layout_rooms, minmay_heptomino_o4
D:2:      layout_loops_corners, basic_altar, basic_ecumenical_altar
D:3:      wad_lake_hut, layout_basic, mainiacjoe_overflow_boulevard
D:4:      layout_basic, mainiacjoe_overflow_small_starburst,
          grunt_temple_overflow_open

Skill      XL: |  1  2  3  4  5 |
---------------+----------------+-----
Stealth        | 6 7 8 9 |  9.8
Fighting       | |  2.0
Short Blades   | |  2.0
Throwing       | |  2.0
Dodging        | |  1.0

Action                   |  1- 3 |  4- 6 || total
-------------------------+-------+-------++-------
Melee: Dagger            |    65 |    71 ||   136
       Constrict         |    14 |    12 ||    26
       Tentacles         |     6 |     9 ||    15
  Use: Scroll            |       |     5 ||     5
       Potion            |       |     2 ||     2
 Stab: Sleeping          |    18 |    23 ||    41
Armor: Skin              |     1 |     5 ||     6
Dodge: Dodged            |    25 |    15 ||    40
